 Dungeon Crawl Stone Soup version 0.21.1-1-g345015fe64 (webtiles) character file.

3096 Hibernaculum the Grappler (level 9, -2/88 HPs)
             Began as an Ogre Transmuter on July 1, 2018.
             Was a Priest of Okawaru.
             Slain by a two-headed ogre
             ... wielding a +0 giant club
              (7 damage)
             ... on level 8 of the Dungeon.
             The game lasted 00:19:06 (10838 turns).

Hibernaculum the Grappler (Ogre Transmuter)        Turns: 10838, Time: 00:19:07

Health: -2/88      AC:  6    Str: 18    XL:     9   Next: 90%
Magic:  14/16      EV: 12    Int: 15    God:    Okawaru [***...]
Gold:   443        SH:  0    Dex: 11    Spells: 12/18 levels left

rFire    . . .     SeeInvis .     - Unarmed
rCold    . . .     Gourm    .   (no shield)
rNeg     . . .     Faith    .   b - +1 robe
rPois    .         Spirit   .   (helmet restricted)
rElec    .         Reflect  .   n - +1 cloak of the Planets {Str+2 Slay+2}
rCorr    .         Harm     .   (gloves unavailable)
MR       +....                  (boots unavailable)
Stlth    ++........             (no amulet)
HPRegen  0.24/turn              f - ring of stealth
MPRegen  0.15/turn              v - ring of protection from magic

@: no status effects
A: large, unfitting armour, tough skin 1
a: Heroism, Renounce Religion


You were on level 8 of the Dungeon.
You worshipped Okawaru.
Okawaru was most pleased with you.
You were not hungry.

You visited 2 branches of the dungeon, and saw 9 of its levels.

You collected 443 gold pieces.

Inventory:

Missiles
 a - 177 arrows
Armour
 b - a +1 robe (worn)
 n - the +1 cloak of the Planets (worn) {Str+2 Slay+2}
   (You acquired it on level 6 of the Dungeon)

   It affects your strength (+2).
   It affects your accuracy and damage with ranged weapons and melee attacks
   (+2).
 y - the +3 robe "Oso Xiq" {Int-5 Dex+7}
   (You found it on level 7 of the Dungeon)

   It affects your intelligence (-5).
   It affects your dexterity (+7).
Jewellery
 f - a ring of stealth (left hand)
 s - an uncursed ring of stealth
 v - a ring of protection from magic (right hand)
Wands
 r - a wand of random effects (31)
Scrolls
 g - a scroll of fog
 j - 4 scrolls of amnesia
 m - 3 scrolls of remove curse
 o - 5 scrolls of identify
 t - a scroll of brand weapon {unknown}
Potions
 e - a potion of cancellation
 h - 2 potions of heal wounds
 i - a potion of brilliance
 k - 4 potions of curing
 l - 2 potions of berserk rage
 p - 2 potions of invisibility
 q - 2 potions of might
 x - a potion of agility {unknown}
 z - a potion of lignification {unknown}
Books
 c - a book of Changes

   Spells                             Type                      Level
   a - Beastly Appendage              Transmutation                1
   b - Sticks to Snakes               Transmutation                2
   c - Spider Form                    Transmutation/Poison         3
   d - Ice Form                       Ice/Transmutation            4
   e - Blade Hands                    Transmutation                5
 w - a book of Power

   Spells                             Type                      Level
   a - Iskenderun's Battlesphere      Conjuration/Charms           5
   b - Venom Bolt                     Conjuration/Poison           5
   c - Bolt of Magma                  Conjuration/Fire/Earth       5
   d - Iron Shot                      Conjuration/Earth            6
   e - Orb of Destruction             Conjuration                  7
   f - Spellforged Servitor           Conjuration/Summoning        7
Comestibles
 d - 13 rations
 u - a chunk of flesh


   Skills:
 - Level 5.2 Fighting
 - Level 5.2 Dodging
 + Level 10.0 Unarmed Combat
 - Level 5.1 Spellcasting
 - Level 3.0 Transmutations
 - Level 1.0 Poison Magic


You had 12 spell levels left.
You knew the following spells:

 Your Spells              Type           Power        Failure   Level  Hunger
a - Beastly Appendage     Tmut           ##....       4%          1    None
b - Sticks to Snakes      Tmut           ##......     7%          2    ##.....
c - Spider Form           Tmut/Pois      #.........   22%         3    ###....


Dungeon Overview and Level Annotations

Branches:
Dungeon (8/15)             Temple (1/1) D:4
   Lair: D:8-11

Altars:
Ashenzari
Cheibriados
Dithmenos
Elyvilon
Fedhas
Gozag
Kikubaaqudgha
Makhleb
Nemelex Xobeh
Okawaru
Ru
Trog
Uskayaw
Vehumet
Wu Jian
Xom
Yredelemnul
Zin
The Shining One

Shops:
D:5 *

Annotations:
D:2 exclusion: downstairs
D:7 exclusion: downstairs


Innate Abilities, Weirdness & Mutations

You are too large for most types of armour.
You have tough skin. (AC +1)


Message History

The two-headed ogre looks as sick as possible!
The two-headed ogre is heavily wounded.
The two-headed ogre barely misses you.
The two-headed ogre hits you with a giant club!
You completely miss the two-headed ogre.
The two-headed ogre is severely wounded.
You hit the two-headed ogre.
The two-headed ogre looks as sick as possible!
The two-headed ogre is severely wounded.
The two-headed ogre hits you with a giant club!!
The two-headed ogre hits you with a giant club!
You bite the two-headed ogre!
The two-headed ogre is almost dead.
Your transformation has ended.
The +1 cloak of the Planets {Str+2 Slay+2} unmelds from your body.
Your +1 robe unmelds from your body.
The two-headed ogre hits you with a giant club!!
* * * LOW HITPOINT WARNING * * *
The two-headed ogre hits you with a giant club!
You die...

###..#.# ..###....#.#
.........#.# #))#.# #
#..#.# #.#....#
#.#....# #...O.##
#.#.@.#############
#.#......)......>.###
#.##..#######.##.....
##.####.....#
#<.......
...........##
#####.### #.####.####
#.# #.############
#.###
#............####....
############......###


You could see a two-headed ogre.

Vanquished Creatures
  Grinder (D:5)
  A hippogriff (D:7)
  A spriggan (D:7)
  2 hungry ghosts (D:8)
  A water moccasin (D:6)
  3 sky beasts
  An ice beast (D:6)
  A black bear (D:6)
  A phantom (D:7)
  An orc warrior (D:7)
  2 ogres
  3 centaurs
  A scorpion (D:5)
  2 electric eels (D:6)
  5 crimson imps
  A howler monkey (D:5)
  A bullfrog zombie (D:8)
  A centaur zombie (D:6)
  4 hounds
  2 orc priests
  5 orc wizards
  3 iguanas
  5 worker ants
  A worker ant zombie (D:5)
  3 gnolls (D:4)
  10 adders
  A shadow imp (D:5)
  An ooze (D:4)
  An adder skeleton (D:4)
  4 dart slugs
  2 worms
  A leopard gecko (D:6)
  21 orcs
  6 bats
  3 giant cockroaches (D:3)
  7 goblins
  7 hobgoblins
  16 jackals
  A quokka (D:7)
  4 frilled lizards
  5 kobolds
  A leopard gecko skeleton (D:8)
  A leopard gecko zombie (D:8)
  6 rats
150 creatures vanquished.

Notes
Turn   | Place    | Note
-------+----------+-------------------------------------------
     0 | D:1      | Hibernaculum the Ogre Transmuter began the quest for the Orb.
     0 | D:1      | Reached XP level 1. HP: 19/19 MP: 3/3
    77 | D:1      | Reached skill level 3 in Unarmed Combat
  1025 | D:1      | Reached XP level 2. HP: 13/27 MP: 3/5
  1343 | D:1      | Learned a level 2 spell: Sticks to Snakes
  1424 | D:2      | Reached XP level 3. HP: 27/33 MP: 4/6
  1728 | D:2      | Reached skill level 4 in Unarmed Combat
  2174 | D:2      | Found a bloodstained altar of Trog.
  2763 | D:3      | Noticed a centaur
  3357 | D:2      | Reached XP level 4. HP: 4/45 MP: 4/7
  3710 | D:3      | Killed a centaur
  3710 | D:3      | Reached skill level 5 in Fighting
  3710 | D:3      | Reached XP level 5. HP: 27/57 MP: 6/8
  3725 | D:3      | Learned a level 3 spell: Spider Form
  4572 | D:3      | Found a glowing silver altar of Zin.
  4572 | D:3      | Noticed an angel
  4642 | D:3      | Found a shimmering altar of Xom.
  4886 | D:4      | Reached XP level 6. HP: 47/66 MP: 7/9
  5124 | D:4      | Reached skill level 1 in Poison Magic
  5313 | D:4      | Found a staircase to the Ecumenical Temple.
  5322 | Temple   | Entered the Ecumenical Temple
  5363 | Temple   | Became a worshipper of Warmaster Okawaru
  5814 | D:4      | Found a basalt altar of Yredelemnul.
  6326 | D:5      | Entered Level 5 of the Dungeon
  6930 | D:5      | Found Naanto's Assorted Antiques.
  6945 | D:5      | Reached XP level 7. HP: 72/72 MP: 10/14
  6950 | D:5      | Reached skill level 5 in Spellcasting
  7295 | D:5      | Noticed Grinder
  7313 | D:5      | Killed Grinder
  7313 | D:5      | Reached skill level 5 in Unarmed Combat
  7706 | D:5      | Found a glowing golden altar of the Shining One.
  7711 | D:5      | Found an ancient bone altar of Kikubaaqudgha.
  7739 | D:5      | Reached XP level 8. HP: 62/80 MP: 12/15
  7910 | D:6      | Reached skill level 6 in Unarmed Combat
  7942 | D:6      | Identified a scroll of acquirement
  7943 | D:6      | Got a distressingly furry cloak
  7949 | D:6      | Identified the +1 cloak of the Planets {Str+2 Slay+2} (You acquired it on level 6 of the Dungeon)
  8014 | D:6      | Reached * piety under Okawaru
  8179 | D:6      | Reached skill level 7 in Unarmed Combat
  8191 | D:6      | Found an ornate altar of the Wu Jian Council.
  8380 | D:6      | Found a shadowy altar of Dithmenos.
  8788 | D:6      | Found a snail-covered altar of Cheibriados.
  8980 | D:6      | HP: 2/80 [electric eel/bolt of electricity (8)]
  9509 | D:7      | Reached skill level 5 in Dodging
  9509 | D:7      | Reached XP level 9. HP: 86/88 MP: 14/16
  9706 | D:7      | Reached skill level 8 in Unarmed Combat
  9818 | D:7      | Reached ** piety under Okawaru
 10216 | D:7      | Got a smoking robe
 10227 | D:7      | Identified the +3 robe "Oso Xiq" {Int-5 Dex+7} (You found it on level 7 of the Dungeon)
 10358 | D:7      | Reached skill level 9 in Unarmed Combat
 10411 | D:8      | Noticed a two-headed ogre
 10803 | D:8      | Reached *** piety under Okawaru
 10811 | D:8      | Reached skill level 10 in Unarmed Combat
 10838 | D:8      | Slain by a two-headed ogre

Skill      XL: |  1  2  3  4  5  6  7  8  9 |
---------------+----------------------------+-----
Unarmed Combat | 3 4 5 7 10 | 10.0
Fighting       | 3 5 |  5.2
Transmutations | 2 3 |  3.0
Poison Magic   | 1 |  1.0
Spellcasting   | 4 5 |  5.1
Dodging        | 5 |  5.2

Action                   |  1- 3 |  4- 6 |  7- 9 || total
-------------------------+-------+-------+-------++-------
Melee: Unarmed           |   113 |   207 |   271 ||   591
       Kick              |    11 |    23 |       ||    34
       Headbutt          |     4 |    12 |       ||    16
       Punch             |       |     2 |     1 ||     3
 Cast: Beastly Appendage |    24 |    25 |       ||    49
       Spider Form       |       |     5 |    51 ||    56
       Sticks to Snakes  |       |     3 |       ||     3
  Use: Potion            |       |     1 |       ||     1
       Scroll            |       |    11 |     3 ||    14
 Stab: Sleeping          |       |       |     5 ||     5
  Eat: Chunk             |     7 |    10 |    12 ||    29
       Ration            |       |     1 |     2 ||     3
Armor: Robe              |    23 |    40 |    11 ||    74
       Skin              |       |     1 |     8 ||     9
Dodge: Dodged            |    66 |   118 |   186 ||   370
